 Dungeon Crawl Stone Soup version 0.29-a0-299-g4c793a2ed2 (console) character file.

Game seed: 8116511861709864077

746 Ignak the Stinger (level 7, -2/51 HPs)
             Began as a Gnoll Venom Mage on Mar 24, 2022.
             Slain by a sky beast (5 damage)
             ... on level 4 of the Dungeon.
             The game lasted 00:10:16 (5210 turns).

Ignak the Stinger (Gnoll Venom Mage)                Turns: 5210, Time: 00:10:16

Health: -2/51      AC:  3    Str:  8    XL:     7   Next: 77%
Magic:  2/15       EV: 13    Int: 16    God:
Gold:   211        SH:  0    Dex: 12    Spells: 9/17 levels left

rFire   . . .      SeeInvis .   s - +1 hand axe (elec)
rCold   . . .      Faith    .   (no shield)
rNeg    . . .      Spirit   .   a - +0 robe
rPois   .          Reflect  .   t - +0 helmet
rElec   .          Harm     .   (no cloak)
rCorr   .          Rampage  .   (no gloves)
Will    .....                   (no boots)
Stlth   +.........              (no amulet)
HPRegen 0.17/turn               (no ring)
MPRegen 0.14/turn               (no ring)

@: confused
A: fangs 1, strong nose, distributed training
a: no special abilities


You were on level 4 of the Dungeon.
You visited 1 branch of the dungeon, and saw 4 of its levels.

You collected 211 gold pieces.

Inventory:

Hand Weapons
 c - a +0 dagger of venom
 e - a +1 rapier
 i - a +0 spear
 l - a +3 quarterstaff of chaos
 o - a +2 short sword of speed
 s - a +1 hand axe of electrocution (weapon)
Missiles
 r - 2 poisoned darts (quivered)
Armour
 a - a +0 robe (worn)
 m - a +0 ring mail
 t - a +0 helmet (worn)
 w - a +0 leather armour
Wands
 h - a wand of polymorph (1)
 u - a wand of flame (11)
Scrolls
 d - 2 scrolls of amnesia
 f - 2 scrolls of identify
 g - 2 scrolls of immolation
 k - a scroll of fear
 p - a scroll of magic mapping
Potions
 b - a potion of magic
 j - a potion of attraction
 q - a potion of haste


   Skills:
 + Level 2.7 Fighting
 + Level 2.7 Short Blades
 + Level 2.7 Long Blades
 + Level 2.7 Axes
 + Level 2.7 Maces & Flails
 + Level 2.7 Polearms
 + Level 2.7 Staves
 + Level 2.7 Slings
 + Level 2.7 Bows
 + Level 2.7 Crossbows
 + Level 2.7 Throwing
 + Level 2.7 Armour
 + Level 5.3 Dodging
 + Level 5.0 Stealth
 + Level 2.7 Shields
 + Level 2.7 Unarmed Combat
 + Level 5.7 Spellcasting
 + Level 2.2 Conjurations
 + Level 2.2 Hexes
 + Level 2.2 Summonings
 + Level 2.2 Necromancy
 + Level 2.2 Translocations
 + Level 3.1 Transmutations
 + Level 2.2 Fire Magic
 + Level 2.2 Ice Magic
 + Level 2.2 Air Magic
 + Level 2.2 Earth Magic
 + Level 5.9 Poison Magic
 + Level 3.0 Invocations
 + Level 2.7 Evocations


You had 9 spell levels left.
You knew the following spells:

 Your Spells              Type           Power      Damage    Failure   Level
a - Sting                 Tmut/Pois      76%        1d6       2%          1
d - Mephitic Cloud        Conj/Pois/Air  15%        N/A       11%         3
z - Olgreb's Toxic Radia  Pois           23%        N/A       12%         4

Your spell library contained the following spells:

 Spells                   Type           Power      Damage    Failure   Level
 Poisonous Vapours        Pois/Air       34%        N/A       4%          2


Dungeon Overview and Level Annotations

Branches:
Dungeon (4/15)
 Temple: D:4-7

Altars:


Innate Abilities, Weirdness & Mutations

You have very sharp teeth.
Your uncanny sense of smell can sniff out nearby items.
Your experience applies equally to all skills.


Message History

Press: ? - help, Shift-Dir - straight line The sting hits something.
Something hits you. Something shocks you.
Unknown command.
Unknown command.
Casting: Sting (safe; 2% risk of failure)
Confirm with . or Enter, or press ? or * to list all spells.
Aiming: Mephitic Cloud (dangerous; 11% risk of failure)
Press: ? - help, Shift-Dir - straight line That beam is likely to hit you.
Continue anyway?
Okay, then.
Casting: Mephitic Cloud (dangerous; 11% risk of failure)
Confirm with . or Enter, or press ? or * to list all spells.
Aiming: Mephitic Cloud (dangerous; 11% risk of failure)
Press: ? - help, Shift-Dir - straight line That beam is likely to hit you.
Continue anyway?
The ball explodes into a vile cloud!
The stinking cloud engulfs something but does no damage.
The stinking cloud engulfs you but does no damage.
You are engulfed in noxious fumes.
You choke on the stench!
You are confused.
Something hits you. Something shocks you.
Unknown command.
Unknown command.
You bump into the rock wall.
You are engulfed in noxious fumes.
You choke on the stench!
You are more confused.
Something hits you. Something shocks you.
* * * LOW HITPOINT WARNING * * *
You bump into the rock wall.
You are engulfed in noxious fumes.
Something hits you.
* * * LOW HITPOINT WARNING * * *
Something shocks you.
* * * LOW HITPOINT WARNING * * *
Unknown command.
Okay, then.
You bump into the rock wall.
You are engulfed in noxious fumes.
Something hits you.
* * * LOW HITPOINT WARNING * * *
Something shocks you.
You die...

#...# #...### ####
#...).## #..# #####
#......#### #... #....
#....#....## ##.#. #....
####.####..###..## #....
#.# ##...#..##
#....######.### ###.#....
#..>..(°@.....#####.#....
#....######..............
#....#....###..##........
#....##........<.........
###.# ##.#####...........
#. #.# #.......#.^# #.
#.# #.......#..# ## ###
#...#..##..# #...##.#....


There were no monsters in sight!

Vanquished Creatures
  Eustachio (D:4)
  Menkaure (D:4)
  A black bear (D:4)
  A scorpion (D:4)
  Crazy Yiuf (D:4)
  A hound (D:4)
  3 iguanas
  Natasha (D:3)
  Robin (D:3)
  6 adders
  2 worms (D:3)
  3 dart slugs (D:1)
  4 orcs
  8 endoplasms
  6 giant cockroaches
  16 goblins
  5 hobgoblins
  6 kobolds
  7 quokkas
  5 ball pythons
  4 bats
  4 frilled lizards
  A rat (D:2)
88 creatures vanquished.

Notes
Turn   | Place    | Note
-------+----------+-------------------------------------------
     0 | D:1      | Ignak the Gnoll Venom Mage began the quest for the Orb.
     0 | D:1      | Reached XP level 1. HP: 13/13 MP: 6/6
   178 | D:1      | Reached XP level 2. HP: 19/19 MP: 7/7
   241 | D:1      | Found a faded altar of an unknown god.
   538 | D:1      | Reached XP level 3. HP: 25/25 MP: 6/9
   676 | D:1      | Reached skill level 5 in Spellcasting
  1161 | D:2      | Reached skill level 1 in Invocations
  1262 | D:2      | Learned a level 3 spell: Mephitic Cloud
  1530 | D:2      | Reached skill level 1 in Fighting
  1530 | D:2      | Reached skill level 1 in Short Blades
  1530 | D:2      | Reached skill level 1 in Long Blades
  1530 | D:2      | Reached skill level 1 in Axes
  1530 | D:2      | Reached skill level 1 in Maces & Flails
  1530 | D:2      | Reached skill level 1 in Polearms
  1530 | D:2      | Reached skill level 1 in Staves
  1530 | D:2      | Reached skill level 1 in Slings
  1530 | D:2      | Reached skill level 1 in Bows
  1530 | D:2      | Reached skill level 1 in Crossbows
  1530 | D:2      | Reached skill level 1 in Throwing
  1530 | D:2      | Reached skill level 1 in Armour
  1530 | D:2      | Reached skill level 1 in Shields
  1530 | D:2      | Reached skill level 1 in Unarmed Combat
  1530 | D:2      | Reached skill level 1 in Evocations
  1530 | D:2      | Reached XP level 4. HP: 32/32 MP: 11/11
  1539 | D:2      | Learned a level 4 spell: Olgreb's Toxic Radiance
  2688 | D:3      | Reached skill level 1 in Conjurations
  2688 | D:3      | Reached skill level 1 in Hexes
  2688 | D:3      | Reached skill level 1 in Summonings
  2688 | D:3      | Reached skill level 1 in Necromancy
  2688 | D:3      | Reached skill level 1 in Translocations
  2688 | D:3      | Reached skill level 1 in Fire Magic
  2688 | D:3      | Reached skill level 1 in Ice Magic
  2688 | D:3      | Reached skill level 1 in Air Magic
  2688 | D:3      | Reached skill level 1 in Earth Magic
  3281 | D:4      | Noticed Eustachio
  3285 | D:4      | Noticed Natasha
  3417 | D:3      | Killed Natasha
  3418 | D:3      | Reached XP level 5. HP: 4/37 MP: 1/12
  3420 | D:3      | HP: 1/37 [iguana (8)]
  3835 | D:4      | Noticed Robin
  3840 | D:4      | Reached XP level 6. HP: 43/44 MP: 0/13
  3842 | D:3      | Killed Robin
  4095 | D:4      | Noticed a black bear
  4109 | D:4      | Killed a black bear
  4110 | D:4      | Reached skill level 5 in Dodging
  4181 | D:4      | Reached XP level 7. HP: 36/50 MP: 1/15
  4338 | D:4      | Killed Eustachio
  4356 | D:4      | Noticed Menkaure
  4363 | D:4      | Killed Menkaure
  4364 | D:4      | Reached skill level 5 in Stealth
  5035 | D:4      | Found a runed translucent door.
  5036 | D:4      | Noticed Crazy Yiuf
  5049 | D:4      | Killed Crazy Yiuf
  5210 | D:4      | Slain by a sky beast

Illustrated notes

Levels and vault maps discovered:
D:1:      heliophobic_arrival_dark_side_of_the_moon, layout_basic,
          chequers_ecumenical_altar_simple
D:2:      layout_loops_ring, kennysheep_flooded_box
D:3:      layout_loops_ring
D:4:      layout_rooms, minmay_misc_feat_enclosed, uniq_natasha, uniq_eustachio,
          uniq_crazy_yiuf_cottage, uniq_menkaure, uniq_robin

Skill      XL: |  1  2  3  4  5  6  7 |
---------------+----------------------+-----
Transmutations | 2 3 |  3.1
Spellcasting   | 5 |  5.7
Invocations    | 1 2 3 |  3.0
Fighting       | 1 2 |  2.7
Short Blades   | 1 2 |  2.7
Long Blades    | 1 2 |  2.7
Axes           | 1 2 |  2.7
Maces & Flails | 1 2 |  2.7
Polearms       | 1 2 |  2.7
Staves         | 1 2 |  2.7
Slings         | 1 2 |  2.7
Bows           | 1 2 |  2.7
Crossbows      | 1 2 |  2.7
Throwing       | 1 2 |  2.7
Armour         | 1 2 |  2.7
Shields        | 1 2 |  2.7
Unarmed Combat | 1 2 |  2.7
Evocations     | 1 2 |  2.7
Conjurations   | 1 2 |  2.2
Hexes          | 1 2 |  2.2
Summonings     | 1 2 |  2.2
Necromancy     | 1 2 |  2.2
Translocations | 1 2 |  2.2
Fire Magic     | 1 2 |  2.2
Ice Magic      | 1 2 |  2.2
Air Magic      | 1 2 |  2.2
Earth Magic    | 1 2 |  2.2
Dodging        | 5 |  5.3
Stealth        | 5 |  5.0
Poison Magic   | |  5.9

Action                   |  1- 3 |  4- 6 |  7- 9 || total
-------------------------+-------+-------+-------++-------
Melee: Dagger            |    63 |    28 |       ||    91
       Bite              |     6 |     7 |     1 ||    14
       Punch             |     3 |     1 |       ||     4
       Hand axe          |       |    44 |    16 ||    60
 Cast: Sting             |    12 |    25 |     9 ||    46
       Olgreb's Toxic Ra |       |    11 |     6 ||    17
       Mephitic Cloud    |       |     3 |     7 ||    10
Evoke: Wand              |       |       |     4 ||     4
  Use: Potion            |       |     2 |     3 ||     5
       Scroll            |       |       |     7 ||     7
 Stab: Sleeping          |     9 |     2 |       ||    11
       Confused          |       |     1 |     1 ||     2
Armor: Robe              |    18 |    15 |     4 ||    37
Dodge: Dodged            |    41 |    59 |     9 ||   109

Table legend: (Time is in decaauts)
 A = Elapsed time spent in this place.
 B = Non-inter-level travel time spent in this place.
 C = Inter-level travel time spent in this place.
 D = Time resting spent in this place.
 E = Time spent auto-exploring this place.
 F = Levels seen in this place.
 G = Mean time per level.
                   A        B        C        D        E       F      G
               +--------+--------+--------+--------+--------+-----+--------+
         Total |   5231 |   5178 |     53 |   2038 |   2163 |   4 | 1307.8 |
       Dungeon |   5231 |   5178 |     53 |   2038 |   2163 |   4 | 1307.8 |
               +--------+--------+--------+--------+--------+-----+--------+

Top non-repeatable levels by time:
     D:3: 2197 daAuts
     D:4: 1303 daAuts
     D:2: 937 daAuts
     D:1: 792 daAuts
